 Dungeon Sprint DCSS version 0.18-a0-1799-g6250cb2 (webtiles) character file.

56 Kidiri the Firebug (level 3, -8/22 HPs)
             Began as a Gargoyle Fire Elementalist on Apr 23, 2016.
             Was an Initiate of Vehumet.
             Mangled by a merfolk
             ... wielding a +0 trident
              (18 damage)
             ... in the Dungeon (Sprint V: "Ziggurat Sprint").
             The game lasted 00:02:34 (362 turns).

Kidiri the Firebug (Gargoyle Fire Elementalist)      Turns: 362, Time: 00:02:35

Health: -8/22      AC: 10    Str: 11    XL:     3   Next: 97%
Magic:  14/14      EV: 11    Int: 34    God:    Vehumet [......]
Gold:   0          SH:  0    Dex: 10    Spells: 3 memorised, 4 levels left

rFire  . . .     SeeInvis .     y - +6 Majin-Bo {vamp, Archmagi MP+6 Int+6}
rCold  . . .     Gourm    .     O - +2 ring mail {rN+}
rNeg   + + .     Faith    .     (shield currently unavailable)
rPois  ∞         Spirit   .     (no helmet)
rElec  +         Dismiss  .     (no cloak)
rCorr  .         Reflect  .     (no gloves)
SustAt .         Harm     .     (no boots)
MR     .....     NoTele   +     (no amulet)
Stlth  +.........               D - +6 ring of intelligence
                                C - +6 ring of intelligence

@: not resistant to hostile enchantments, very unstealthy
A: negative energy resistance 1, electricity resistance, unbreathing,
petrification resistance, rot immunity, AC +3
a: Renounce Religion


You were in the Dungeon.
You worshipped Vehumet.
Vehumet was noncommittal.
You were not hungry.

You visited 1 branch

Inventory:

Hand Weapons
 y - the +6 Majin-Bo (weapon) {vamp, Archmagi MP+6 Int+6}
   (You found it in the Dungeon)

   It inflicts no extra harm, but heals its wielder somewhat when it strikes a
   living foe.
   It affects your intelligence (+6).
   It affects your magic capacity (+6).
Armour
 a - a +0 robe
 z - the +18 shield of the gong {rElec rN+ MR+ EV-5}
   (You found it in the Dungeon)

   It affects your evasion (-5).
   It insulates you from electricity.
   It protects you from negative energy.
   It affects your resistance to hostile enchantments.
 K - a +5 gold dragon armour
 L - a +3 buckler
 M - a +3 large shield
 N - a +3 shield
 O - a +2 ring mail of positive energy (worn)
Jewellery
 A - a +6 ring of dexterity
 B - a +6 ring of dexterity
 C - a +6 ring of intelligence (left hand)
 D - a +6 ring of intelligence (right hand)
 E - a +6 ring of strength
 F - a +6 ring of strength
 P - an uncursed ring of protection from cold
Wands
 G - a wand of disintegration (7/24)
 H - a wand of iceblast (2/15)
 I - a wand of lightning (5/15)
 J - a wand of acid (4/15)
Scrolls
 i - 4 scrolls of blinking
 p - 4 scrolls of amnesia
 q - 3 scrolls of recharging
 r - 7 scrolls of fog
 s - a scroll of holy word
 t - 5 scrolls of identify
 u - 5 scrolls of remove curse
 v - 2 scrolls of fear
Potions
 d - 10 potions of curing
 e - 9 potions of heal wounds
 f - 6 potions of haste
 g - 7 potions of magic
 h - 3 potions of berserk rage
 j - 2 potions of brilliance
 k - 2 potions of invisibility
 l - 4 potions of resistance
 n - 5 potions of agility
 o - 5 potions of might
Books
 b - a book of Flames

   Spells                             Type                      Level
   a - Flame Tongue                   Conjuration/Fire             1
   b - Throw Flame                    Conjuration/Fire             2
   c - Conjure Flame                  Conjuration/Fire             3
   d - Inner Flame                    Hexes/Fire                   3
   e - Sticky Flame                   Conjuration/Fire             4
   f - Fireball                       Conjuration/Fire             5
Comestibles
 c - 5 bread rations
 w - 39 fruits
 x - 4 meat rations


   Skills:
 + Level 2.7 Fighting
 + Level 2.4 Staves
 + Level 2.9 Armour
 * Level 3.6 Dodging
 - Level 2.1 Stealth
 + Level 2.8 Shields
 * Level 4.1 Spellcasting
 + Level 3.2 Conjurations
 + Level 4.2 Fire Magic


You had 4 spell levels left.
You knew the following spells:

 Your Spells              Type           Power        Failure   Level  Hunger
a - Flame Tongue          Conj/Fire      #####        2%          1    None
b - Throw Flame           Conj/Fire      #####.       4%          2    None
c - Inner Flame           Hex/Fire       ####....     14%         3    #......


Dungeon Overview and Level Annotations

Branches:
Dungeon (1/1)

Altars:
Ashenzari
Cheibriados
Dithmenos
Elyvilon
Fedhas
Gozag
Kikubaaqudgha
Makhleb
Nemelex Xobeh
Okawaru
Pakellas
Qazlal
Ru
Sif Muna
Trog
Vehumet
Xom
Yredelemnul
Zin
The Shining One
Beogh
Jiyva
Lugonu


Innate Abilities, Weirdness & Mutations

You are resistant to torment.
Your stone body is resilient (AC +3).
You are immune to poison.
You resist negative energy.
You are resistant to electric shocks.
You can survive without breathing.
You are immune to petrification.
You are immune to rotting.


Message History

Unknown command.
Casting: Flame Tongue
Confirm with . or Enter, or press ? or * to list all spells.
Okay, then.
Unknown command.
Evoke which item? (* to show all) (? for menu, Esc to quit)
Zapping:
H - a wand of iceblast (3/15)
Press: ? - help, Shift-Dir - straight line, p - merfolk The mass of ice explodes!
The iceblast engulfs the merfolk.
The merfolk is heavily wounded.
The iceblast engulfs the merfolk.
The merfolk is almost dead.
The iceblast engulfs the merfolk.
The merfolk is almost dead.
This wand has 2 charges left.
The merfolk hits you from afar with a trident.
The merfolk hits you but does no damage.
The merfolk hits you from afar with a trident!!
Ouch! That really hurt!
You die...

▓▓▓▓▓▓▓▓▓▓▓▓▓
▓.8©8.▓.8©8.▓
▓.).}.▓.....▓
▓.....▓.....▓
▓.....▓.....▓
▓m.m..▓..)).▓
▓..m..▓.....▓
▓@.(..▓▓▓▓▓▓▓
▓▓▓▓▓▓▓


You could see 3 merfolk.

Vanquished Creatures
  2 orc wizards (D)
2 creatures vanquished.

Notes
Turn   | Place    | Note
--------------------------------------------------------------
     0 | D        | Kidiri the Gargoyle Fire Elementalist began the quest for the Orb.
     0 | D        | Reached XP level 1. HP: 10/10 MP: 3/3
     0 | D        | Found a viscous altar of Jiyva.
     0 | D        | Found a roughly hewn altar of Beogh.
     0 | D        | Found a corrupted altar of Lugonu.
     0 | D        | Found a white marble altar of Elyvilon.
     0 | D        | Found a sparkling altar of Nemelex Xobeh.
     1 | D        | Found a burning altar of Makhleb.
     1 | D        | Found an iron altar of Okawaru.
     1 | D        | Found a deep blue altar of Sif Muna.
     1 | D        | Found a radiant altar of Vehumet.
     1 | D        | Found a bloodstained altar of Trog.
     1 | D        | Found a shimmering altar of Xom.
    54 | D        | Became a worshipper of Vehumet
    55 | D        | Reached XP level 2. HP: 17/17 MP: 6/6
   106 | D        | Learned a level 2 spell: Throw Flame
   106 | D        | Entered arena 1.
   112 | D        | Reached XP level 3. HP: 11/22 MP: 7/8
   354 | D        | Learned a level 3 spell: Inner Flame
   354 | D        | Entered arena 2.
   354 | D        | Noticed a merfolk
   354 | D        | Noticed a merfolk
   354 | D        | Noticed a merfolk
   362 | D        | Mangled by a merfolk

Vault maps used:
D:        sprint_v

Skill      XL: |  1  2  3 |
---------------+----------+-----
Fighting       | 2 |  2.7
Staves         | 2 |  2.4
Armour         | 2 |  2.9
Dodging        | 3 |  3.6
Shields        | 2 |  2.8
Spellcasting   | 3 4 |  4.1
Conjurations   | 2 3 |  3.2
Fire Magic     | 4 |  4.2
Stealth        | |  2.1

Action                   || total
-------------------------++-------
 Cast: Flame Tongue      ||    11
Evoke: Wand              ||     4
  Use: Potion            ||     2
  Eat: Fruit             ||     3
Armor: Robe              ||     2
       Ring mail         ||     4
Dodge: Dodged            ||     8
